 Dungeon Crawl Stone Soup version 0.29.1-4-g47bece8355 (webtiles) character file.

Game seed: 4416155799214690703

471 Gabide the Purveyor of Pain (level 6, -9/48 HPs)
             Began as a Mummy Necromancer on Dec 11, 2022.
             Was an Initiate of Kikubaaqudgha.
             Mangled by a gnoll
             ... wielding a +0 halberd
              (11 damage)
             ... on level 4 of the Dungeon.
             The game lasted 00:07:42 (3468 turns).

Gabide the Purveyor of Pain (Mummy Necromancer)     Turns: 3468, Time: 00:07:42

Health: -9/48      AC:  5    Str: 11    XL:     6   Next: 83%
Magic:  2/10       EV:  6    Int: 16    God:    Kikubaaqudgha [......]
Gold:   222        SH:  0    Dex: 19    Spells: 7/11 levels left

rFire   . . .      SeeInvis .     - Unarmed
rCold   + + .      Faith    .   (no shield)
rNeg    + + +      Spirit   .   m - +0 leather armour {rC+}
rPois   ∞          Reflect  .   (no helmet)
rElec   .          Harm     .   p - +0 cloak
rCorr   .          Rampage  .   (no gloves)
Will    .....                   n - +0 pair of boots
Stlth   ++........              (no amulet)
HPRegen 0.16/turn               c - ring of protection from fire
MPRegen 0.12/turn               j - +6 ring of dexterity

@: held
A: cold resistance 1, negative energy resistance 3, torment resistance 2, heat
vulnerability 1, in touch with death 1, no potions
a: Renounce Religion


You were on level 4 of the Dungeon.
You worshipped Kikubaaqudgha.
Kikubaaqudgha was noncommittal.
You visited 1 branch of the dungeon, and saw 4 of its levels.

You collected 222 gold pieces.

Inventory:

Hand Weapons
 a - a +0 sling
Missiles
 i - 2 javelins
Armour
 m - a +0 leather armour of cold resistance (worn)
 n - a +0 pair of boots (worn)
 p - a +0 cloak (worn)
Jewellery
 c - a ring of protection from fire (left hand)
 j - a +6 ring of dexterity (right hand)
Scrolls
 b - a scroll of amnesia {unknown}
 d - a scroll of immolation
 e - a scroll of fog {unknown}
 f - a scroll of poison
 g - a scroll of enchant armour {unknown}
 h - a scroll of noise {unknown}
 k - a scroll of identify {unknown}
 l - a scroll of magic mapping {unknown}
 o - a scroll of blinking {unknown}
 q - 4 scrolls of teleportation {unknown}
 r - a scroll of acquirement {unknown}


   Skills:
 - Level 4.0 Fighting
 + Level 1.1 Armour
 - Level 2.0 Dodging
 - Level 2.0 Stealth
 - Level 4.0 Unarmed Combat
 - Level 3.0 Spellcasting
 - Level 4.0 Necromancy


You had 7 spell levels left.
You knew the following spells:

 Your Spells              Type           Power      Damage    Failure   Level
a - Necrotise             Necr           88%        1d8       4%          1
b - Vampiric Draining     Necr           22%        2d7       14%         3

Your spell library contained the following spells:

 Spells                   Type           Power      Damage    Failure   Level
 Apportation              Tloc           4%         N/A       24%         1
 Summon Small Mammal      Summ           8%         N/A       24%         1
 Ensorcelled Hibernation  Hex/Ice        4%         N/A       36%         2
 Passwall                 Tmut/Erth      1%         N/A       36%         2
 Animate Dead             Necr           22%        N/A       43%         4
 Swiftness                Air            2%         N/A       58%         3
 Agony                    Necr           22%        N/A       78%         5


Dungeon Overview and Level Annotations

Branches:
Dungeon (4/15)             Temple (0/1) D:4

Altars:
Dithmenos
Kikubaaqudgha
Uskayaw
Wu Jian
Yredelemnul


Innate Abilities, Weirdness & Mutations

You are immune to poison.
Your flesh is cold resistant. (rC+)
You are immune to negative energy. (rN+++)
You are immune to unholy pain and torment.
You are vulnerable to heat. (rF-)
You are in touch with the powers of death.
You do not drink.


Message History

The gnoll misses you.
The gnoll hits you from afar with a +0 halberd!
You are too injured to fight recklessly!
You are too injured to fight recklessly!
You are too injured to fight recklessly!
You are too injured to fight recklessly!
You are too injured to fight recklessly!
You are too injured to fight recklessly!
You are too injured to fight recklessly!
You are too injured to fight recklessly!
You are too injured to fight recklessly!
You are too injured to fight recklessly!
You are too injured to fight recklessly!
You are too injured to fight recklessly!
You are too injured to fight recklessly!
You are too injured to fight recklessly!
You are too injured to fight recklessly!
You are too injured to fight recklessly!
Aiming: Necrotise (safe; 4% risk of failure)
Press: ? - help, Q - select action, (/) - cycle Shift-Dir - straight line, f/p - gnoll
Aim: a gnoll, wielding a +0 spear (almost dead, chance to affect: 86%)
You feel a surge of power!
The gnoll writhes in agony.
You kill the gnoll!
Kikubaaqudgha accepts your kill.
The dead are walking!
The gnoll barely misses you.
The gnoll hits your gnoll skeleton with a +0 halberd!
Your gnoll skeleton is destroyed!
The gnoll throws a throwing net.
The throwing net hits you.
You become entangled in the net!
You see here a throwing net.
You struggle against the net.
You struggle against the net.
You struggle against the net.
The gnoll barely misses you.
You struggle against the net.
The gnoll hits you from afar with a +0 halberd!
* * * LOW HITPOINT WARNING * * *
You struggle against the net.
The gnoll hits you from afar with a +0 halberd!
You die...
Kikubaaqudgha rasps: "You have failed me!
Welcome... oblivion!"

#############.#.
#.w.gg..w).)....
#g###########... #g#
#.# #@# #.#
#.#####.########
..............>#
########.#####.#
#...........##.#
........##.##.#
####^####.##.##.####.#
#.......#............#


You could see 2 gnolls and a dart slug.

Vanquished Creatures
  Sigmund (D:2)
  A scorpion (D:4)
  Jessica (D:3)
  An iguana (D:4)
  Natasha (D:2)
  A hound zombie (D:3)
  3 gnolls
  5 adders
  A worm (D:3)
  A dart slug (D:2)
  An orc (D:4)
  4 ball pythons
  3 endoplasms
  4 giant cockroaches
  7 goblins
  2 hobgoblins
  A jackal (D:3)
  3 quokkas
  3 bats
  5 frilled lizards
  A jackal zombie (D:3)
  3 kobolds
  A quokka zombie (D:3)
  3 rats
57 creatures vanquished.

Vanquished Creatures (collateral kills)
  Natasha (D:2)
  An endoplasm (D:3)
  A quokka (D:2)
3 creatures vanquished.

Grand Total: 60 creatures vanquished

Notes
Turn   | Place    | Note
-------+----------+-------------------------------------------
     0 | D:1      | Gabide the Mummy Necromancer began the quest for the Orb.
     0 | D:1      | Reached XP level 1. HP: 13/13 MP: 4/4
    57 | D:1      | Reached skill level 1 in Fighting
    57 | D:1      | Reached XP level 2. HP: 14/21 MP: 0/5
   476 | D:1      | Found a faded altar of an unknown god.
   954 | D:2      | Gained mutation: You are in touch with the powers of death.
                  | [Mummy growth]
   954 | D:2      | Reached XP level 3. HP: 14/27 MP: 0/7
  1108 | D:2      | Noticed Sigmund
  1111 | D:2      | Reached skill level 1 in Unarmed Combat
  1113 | D:2      | Killed Sigmund
  1114 | D:2      | Reached XP level 4. HP: 37/37 MP: 4/8
  1114 | D:2      | Reached XP level 5. HP: 42/42 MP: 4/9
  1277 | D:2      | Noticed Natasha
  1286 | D:2      | Killed Natasha
  1758 | D:2      | Noticed Natasha
  1772 | D:2      | Killed Natasha
  1773 | D:2      | Reached XP level 6. HP: 32/48 MP: 0/10
  1926 | D:2      | Learned a level 3 spell: Vampiric Draining
  2171 | D:3      | Found an ancient bone altar of Kikubaaqudgha.
  2172 | D:3      | Found an ornate altar of the Wu Jian Council.
  2177 | D:3      | Noticed a +0 falchion
  2177 | D:3      | Noticed a +0 dagger
  2178 | D:3      | Noticed a +0 spear
  2180 | D:3      | Became a worshipper of Kikubaaqudgha
  2181 | D:3      | Noticed a +0 dagger
  2188 | D:3      | Found a hide-covered altar of Uskayaw.
  2188 | D:3      | Noticed a +0 falchion
  2189 | D:3      | Noticed a +0 short sword
  2190 | D:3      | Noticed a +0 spear
  2190 | D:3      | Noticed a +0 short sword
  2292 | D:3      | Noticed Jessica
  2301 | D:3      | Killed Jessica
  2825 | D:3      | Found a basalt altar of Yredelemnul.
  3148 | D:4      | Found a staircase to the Ecumenical Temple.
  3322 | D:4      | Found a shadowy altar of Dithmenos.
  3437 | D:4      | Reached skill level 1 in Armour
  3467 | D:4      | HP: 2/48 [gnoll/+0 halberd (16)]
  3468 | D:4      | Mangled by a gnoll

Illustrated notes

Levels and vault maps discovered:
D:1:      lightli_arrival_noodles, layout_loops_ring,
          ebering_ecumenical_altar_sacrificial, chequers_serial_rivers_small_3
D:2:      layout_basic, hangedman_decor_points, corexii_item_surrounded_by_moat,
          uniq_natasha, uniq_sigmund
D:3:      minmay_spotlight, layout_rooms, nicolae_yredelemnul_corpse_copse,
          grunt_temple_overflow_open, nicolae_uskayaw_en_pointe, uniq_jessica
D:4:      layout_loops_ring, lemuel_tele_altar, temple_pool_b, st_stairs_14

Skill      XL: |  1  2  3  4  5  6 |
---------------+-------------------+-----
Dodging        | 2 |  2.0
Fighting       | 1 2 4 |  4.0
Unarmed Combat | 2 4 |  4.0
Stealth        | 2 |  2.0
Spellcasting   | 3 |  3.0
Armour         | 1 |  1.1
Necromancy     | |  4.0

Action                   |  1- 3 |  4- 6 || total
-------------------------+-------+-------++-------
Melee: Unarmed           |     7 |    36 ||    43
 Fire: Sling             |     7 |    10 ||    17
 Cast: Necrotise         |    19 |    90 ||   109
  Use: Scroll            |     1 |     1 ||     2
 Stab: Sleeping          |       |     1 ||     1
Armor: Robe              |     1 |     2 ||     3
       Leather armour    |       |    15 ||    15
Dodge: Dodged            |    11 |    46 ||    57
